 Dungeon Crawl Stone Soup version 0.22.1-5-g62c59d9 (webtiles) character file.

4829 nicolaieve the Basher (level 10, -2/115 HPs)
             Began as a Minotaur Berserker on Jan 12, 2019.
             Was an Elder of Trog.
             Killed from afar by an electric eel (6 damage)
             ... with a bolt of electricity
             ... on level 9 of the Dungeon.
             The game lasted 00:33:48 (6699 turns).

nicolaieve the Basher (Minotaur Berserker)          Turns: 6699, Time: 00:33:49

Health: -2/115     AC: 15    Str: 28    XL:     10   Next: 25%
Magic:  9/9        EV: 10    Int:  4    God:    Trog [****..]
Gold:   572        SH:  0    Dex: 12    Spells: 9/9 levels left

rFire    . . .     SeeInvis .   f - +2 flail (crush)
rCold    + . .     Gourm    +   (no shield)
rNeg     + . .     Faith    .   y - +0 chain mail
rPois    .         Spirit   .   (helmet restricted)
rElec    .         Reflect  .   E - scarf {cloud immunity}
rCorr    .         Harm     .   s - +0 pair of gloves
MR       ++...                  D - +0 pair of boots
Stlth    ..........             i - amulet of the gourmand
HPRegen  1.29/turn              m - ring of protection from cold
MPRegen  0.11/turn              b - ring of positive energy

@: berserking (expiring), lethally poisoned (-2 -> -3), regenerating, slowed
A: retaliatory headbutt, horns 2
a: Berserk, Trog's Hand, Brothers in Arms, Renounce Religion


You were on level 9 of the Dungeon.
You worshipped Trog.
Trog was greatly pleased with you.
You were very full.

You visited 1 branch of the dungeon, and saw 9 of its levels.

You collected 572 gold pieces.

Inventory:

Hand Weapons
 f - a +2 flail of crushing (weapon)
 h - a +3 hunting sling
Missiles
 e - 266 stones (quivered)
Armour
 s - a +0 pair of gloves (worn)
 y - a +0 chain mail (worn)
 D - a +0 pair of boots (worn)
 E - a scarf of cloud immunity (worn)
 I - a +0 cloak
 J - a +10 plate armour of ponderousness
 K - a +2 cloak
Jewellery
 b - a ring of positive energy (right hand)
 i - an amulet of the gourmand (around neck)
 m - a ring of protection from cold (left hand)
 C - an uncursed ring of resist corrosion {unknown}
 L - an uncursed ring of positive energy
 Q - a cursed ring of teleportation {unknown}
Wands
 p - a wand of disintegration (15)
 z - a wand of polymorph (21)
 A - a wand of digging (14)
 O - a wand of scattershot (6)
Scrolls
 g - 3 scrolls of teleportation {unknown}
 j - a scroll of amnesia {unknown}
 l - 5 scrolls of identify
 n - a scroll of immolation {unknown}
 q - a scroll of magic mapping {unknown}
 t - a scroll of fog {unknown}
 v - 2 scrolls of fear {unknown}
 H - a scroll of noise {unknown}
 M - a scroll of random uselessness {unknown}
 N - a scroll of blinking {unknown}
 P - a scroll of remove curse
Potions
 a - 2 potions of brilliance
 d - a potion of magic
 k - 2 potions of invisibility
 o - 4 potions of mutation
 r - a potion of flight
 u - 7 potions of curing
 w - a potion of might
 x - 2 potions of resistance
 B - 3 potions of heal wounds
 F - a potion of haste
Comestibles
 c - 23 rations
 G - 5 chunks of flesh


   Skills:
 - Level 3.6 Fighting
 - Level 14.1 Maces & Flails
 + Level 11.1 Armour
 - Level 2.1 Dodging


You had 9 spell levels left.
You didn't know any spells.
Your spell library was empty.

Dungeon Overview and Level Annotations

Branches:
Dungeon (9/15)             Temple (0/1) D:7            Lair (0/6) D:8
    Orc: D:9-12

Altars:
Ashenzari
Cheibriados
Dithmenos
Elyvilon
Makhleb
Ru
Sif Muna
Xom
Zin
The Shining One

Shops:
D:7 [

Annotations:
D:7 1 runed door


Innate Abilities, Weirdness & Mutations

You reflexively headbutt those who attack you in melee.
You have a pair of horns on your head.


Message History

* * * LOW HITPOINT WARNING * * *
You feel as though you will be slow longer.
You closely miss the hornet. Your headbutt misses the hornet.
The hornet is almost dead.
You feel sick. The hornet stings you!
* * * LOW HITPOINT WARNING * * *
You feel as though you will be slow longer.
You bludgeon the hornet!!
You kill the hornet!
Trog accepts your kill.
Your life force feels restored.
Your Armour skill increases to level 11!
You feel sick.
The electric eel shoots out a bolt of lightning at you!
The bolt of electricity hits you!
* * * LOW HITPOINT WARNING * * *
You feel sick.
The electric eel shoots out a bolt of lightning at you!
The bolt of electricity hits you!
You die...

# ##### ### . .... ..##
.##### ###.### #..#
.≈P≈P. #.....#
#..###.P≈≈.≈
#.###.#.#.###......≈PP≈P
..............###...≈P≈P
..###.#.#.###..@'...PP♣
#...#)#...#[###...PP≈≈
..#.###.###.#.# ....≈P≈
..............# ...)PP♣
........)..#..# .....PP
...........#.## .....;≈
.....#.....#.# ..$..#≈
.....#.###.#.# .....#
.............#


You could see an electric eel.

Vanquished Creatures
  An unseen horror (D:9)
  3 hornets
  A hippogriff (D:7)
  Eustachio (D:5)
  A hungry ghost (D:7)
  A soldier ant (D:8)
  Duvessa (D:7)
  An orc warrior (D:6)
  An ice beast (D:6)
  A necrophage (D:5)
  A hornet zombie (D:7)
  2 ogres
  2 sky beasts
  3 centaurs
  Blork the orc (D:6)
  2 big kobolds
  3 bullfrogs
  Dowan (D:7)
  A killer bee (D:9)
  3 wights (D:9)
  2 howler monkeys
  A crimson imp (D:7)
  2 bullfrog zombies
  2 orc priests
  4 hounds
  3 iguanas
  11 orc wizards
  Ijyb (D:5)
  Natasha (thrice) (D:4)
  8 worker ants
  2 worker ant zombies
  Robin (D:2)
  13 adders
  6 gnolls
  2 shadow imps
  2 oozes (D:3)
  5 worms
  5 dart slugs
  7 leopard geckos
  21 orcs
  5 giant cockroaches
  10 hobgoblins
  17 jackals
  A quokka (D:8)
  A ball python (D:2)
  12 bats
  5 frilled lizards
  19 goblins
  24 kobolds
  A leopard gecko zombie (D:8)
  A quokka skeleton (D:7)
  2 quokka zombies
  4 rats
234 creatures vanquished.

Notes
Turn   | Place    | Note
-------+----------+-------------------------------------------
     0 | D:1      | nicolaieve the Minotaur Berserker began the quest for the
                  | Orb.
     0 | D:1      | Reached XP level 1. HP: 19/19 MP: 0/0
    41 | D:1      | Reached skill level 4 in Maces & Flails
   106 | D:1      | Reached XP level 2. HP: 26/26 MP: 1/1
   764 | D:2      | Reached skill level 5 in Maces & Flails
   775 | D:2      | Reached XP level 3. HP: 27/31 MP: 2/2
   808 | D:2      | Reached ** piety under Trog
   870 | D:2      | Noticed Robin
   876 | D:2      | Killed Robin
   889 | D:2      | Reached XP level 4. HP: 6/39 MP: 3/3
   895 | D:2      | Reached skill level 6 in Maces & Flails
  1643 | D:3      | Reached XP level 5. HP: 45/45 MP: 4/4
  1677 | D:3      | Reached skill level 7 in Maces & Flails
  1690 | D:3      | Reached *** piety under Trog
  1931 | D:3      | Found a snail-covered altar of Cheibriados.
  2249 | D:4      | Reached skill level 8 in Maces & Flails
  2268 | D:4      | Reached XP level 6. HP: 24/51 MP: 5/5
  2417 | D:4      | Noticed Natasha
  2420 | D:4      | Killed Natasha
  2420 | D:4      | Reached skill level 9 in Maces & Flails
  2491 | D:4      | Noticed Natasha
  2498 | D:4      | Killed Natasha
  2519 | D:4      | Noticed Natasha
  2531 | D:4      | Killed Natasha
  3085 | D:5      | Entered Level 5 of the Dungeon
  3093 | D:5      | Reached XP level 7. HP: 33/57 MP: 6/6
  3152 | D:5      | Reached skill level 10 in Maces & Flails
  3299 | D:5      | Noticed Eustachio
  3320 | D:5      | Killed Eustachio
  3335 | D:5      | Reached skill level 11 in Maces & Flails
  3393 | D:5      | Noticed Ijyb
  3399 | D:5      | Killed Ijyb
  3434 | D:5      | Reached XP level 8. HP: 57/64 MP: 7/7
  3764 | D:6      | Noticed Blork the orc
  3774 | D:6      | Killed Blork the orc
  3918 | D:6      | Reached skill level 12 in Maces & Flails
  3999 | D:6      | Reached **** piety under Trog
  4018 | D:6      | Found a shattered altar of Ashenzari.
  4330 | D:7      | Noticed a hippogriff
  4342 | D:7      | Killed a hippogriff
  4342 | D:7      | Reached skill level 5 in Armour
  4458 | D:7      | Reached XP level 9. HP: 61/70 MP: 8/8
  4483 | D:7      | Reached skill level 13 in Maces & Flails
  4598 | D:7      | Found Uwoehosyant's Armour Boutique.
  4662 | D:7      | Found a staircase to the Ecumenical Temple.
  4714 | D:7      | Noticed Duvessa
  4717 | D:7      | Noticed Dowan
  4729 | D:7      | Killed Duvessa
  4734 | D:7      | Killed Dowan
  4767 | D:7      | Found a runed door.
  4767 | D:7      | Noticed a sixfirhy
  4892 | D:7      | Found a glowing silver altar of Zin.
  4892 | D:7      | Found a deep blue altar of Sif Muna.
  4894 | D:7      | Found a glowing golden altar of the Shining One.
  4896 | D:7      | Found a shadowy altar of Dithmenos.
  4980 | D:7      | Found a sacrificial altar of Ru.
  5236 | D:7      | Found a shimmering altar of Xom.
  5322 | D:8      | Found a staircase to the Lair.
  5323 | D:8      | Found a burning altar of Makhleb.
  5570 | D:8      | Reached ***** piety under Trog
  5692 | D:8      | Found a white marble altar of Elyvilon.
  5764 | D:8      | Reached skill level 14 in Maces & Flails
  6065 | D:9      | Reached XP level 10. HP: 62/77 MP: 9/9
  6117 | D:9      | Killed an unseen horror
  6117 | D:9      | Reached skill level 10 in Armour
  6685 | D:9      | Paralysed by a hornet for 2 turns
  6691 | D:9      | Paralysed by a hornet for 2 turns
  6698 | D:9      | HP: 4/115 [electric eel/bolt of electricity (6)]
  6699 | D:9      | Killed from afar by an electric eel

Skill      XL: |  1  2  3  4  5  6  7  8  9 10 |
---------------+-------------------------------+-----
Maces & Flails | 4 5 6 8 9 11 12 14 | 14.1
Armour         | 3 6 9 11 | 11.1
Fighting       | |  3.6
Dodging        | |  2.1

Action                   |  1- 3 |  4- 6 |  7- 9 | 10-12 || total
-------------------------+-------+-------+-------+-------++-------
Melee: Mace              |    22 |       |       |       ||    22
       Headbutt          |     8 |    22 |    49 |     6 ||    85
       Whip              |    11 |       |       |       ||    11
       Flail             |    25 |   159 |   281 |    55 ||   520
Invok: Berserk           |     1 |     4 |     6 |     2 ||    13
       Trog's Hand       |       |     4 |     5 |     2 ||    11
  Use: Scroll            |       |       |    12 |       ||    12
 Stab: Sleeping          |     1 |       |       |       ||     1
  Eat: Chunk             |       |    27 |    27 |     3 ||    57
Armor: Animal skin       |    10 |    10 |       |       ||    20
       Scale mail        |       |    23 |     6 |       ||    29
       Ring mail         |       |     9 |       |       ||     9
       Chain mail        |       |       |   141 |    63 ||   204
Dodge: Dodged            |    42 |    95 |   132 |    16 ||   285
